Connexion

Condors vs Palm Springs Eager

Created - 10 novembre 2023 at 05:48

Goals
1 2 3 T
Condors 0 0 0 0
Palm Springs Eager 3 2 0 5
Shots
1 2 3 T
Condors 16 6 11 33
Palm Springs Eager 21 17 16 54

GoalsPenalties
1st period
1. Palm Springs Eager , Nico Sturm 11 (Nikita Nesterenko 4, Jake Christiansen 2) at 5:15 (PP)
2. Palm Springs Eager , Nikita Nesterenko 5 (Mike Hardman 9, Nico Sturm 19) at 10:15 (PP)
3. Palm Springs Eager , Mike Hardman 14 (Jake Christiansen 3, Nikita Nesterenko 5) at 10:23
Connor Bunnaman (BAK) for Holding (Minor) at 3:24
Anthony Camara (BAK) for Cross-checking (Minor) at 10:09
Marc McNulty (BAK) for Hooking (Minor) at 10:36
Scott Mayfield (SEA) for Hooking (Minor) at 19:18
2nd period
4. Palm Springs Eager , Jonathan Toews 13 (Saku Maenalanen 13, Colin Miller 13) at 7:41
5. Palm Springs Eager , Mike Hardman 15 (Scott Mayfield 5) at 13:31
Matt Filipe (BAK) for Holding (Minor) at 1:17
Matt Filipe (BAK) for Hooking (Minor) at 3:36
Radko Gudas (SEA) for Holding (Minor) at 14:11
3rd period
No Goal
Marcus Vela (BAK) for Hooking (Minor) at 1:39
Saku Maenalanen (SEA) for Holding (Minor) at 11:04
Goalie Stats
Kyle Keyser (BAK), 49 saves from 54 shots - (0,907), L, 14-16-1, 60:00 minutes
Anton Forsberg (SEA), 33 saves from 33 shots - (1,000), W, 11-7-2, 60:00 minutes
3 StarsOfficial
1 - Mike Hardman (SEA)
2 - Anton Forsberg (SEA)
3 - Nikita Nesterenko (SEA)
Referees : Rob Shick and Chris Rooney
Linesman : Jonny Murray and Darren Gibbs
Game Note
No Game Note
Finance
Level 1 -- Attendance: 2000 (100,00%) -- Ticket Income 70 000 $
Level 2 -- Attendance: 1000 (100,00%) -- Ticket Income 15 000 $
Total Attendance: 3000 (100,00%)
Total Ticket Income: 85 000 $
Other Income: 17 000 $
Total Income: 102 000 $



Team Name Goals Shots Shots Attemp Shots Blocked PIM HIT PP PK FO%
Condors 03358812280 / 3 (0%)239%
Palm Springs Eager 5549546272 / 6 (33%)061%

Condors
Player Name POS G A P +/- PIM HIT SHT SB MP PP MP PP SHT PK MP PK SHT FO% FOT
Anthony CamaraLW/RW000-1234018:033:3600:0000% 0
Brady Brassart C/RW000-1052015:212:2100:0000% 1
Brett PollockLW/RW000-1012015:212:2100:0000% 1
Connor BunnamanC/LW000-1211022:503:3604:47052% 23
Joachim BlichfeldLW/RW000-1003024:063:3606:02118% 22
Linus NassenD000-2021215:030:0500:0000% 0
Marc McNultyD0000240120:361:5003:5200% 0
Marcus DavidssonC/LW/RW000000105:060:0000:0000% 1
Marcus VelaC000-1201214:410:0003:06033% 12
Matt FilipeC/LW000-1437017:202:2022:01046% 28
Matteo GennaroC/LW000001205:060:0000:00060% 5
Michael BrodzinskiD0000001020:551:4504:3400% 0
Mike CallahanD000-1010223:314:0705:0700% 0
Nick SorensenRW000000105:060:0000:0000% 1
Pascal LabergeC/LW/RW000-1001015:260:0003:50067% 3
Seth BartonD000-1023023:314:0725:0700% 0
Tate OlsonD000-2051116:230:0001:0600% 0
Taylor CammarataC/LW000-1002011:360:0000:0000% 1
Palm Springs Eager
Player Name POS G A P +/- PIM HIT SHT SB MP PP MP PP SHT PK MP PK SHT FO% FOT
Alexander CampbellC/LW0000012012:070:0000:2100% 0
Alexander GordinC/RW000000005:490:0000:0000% 0
Colin MillerD0111032126:125:3123:2200% 0
Dmitry OvchinnikovLW000000005:490:0000:0000% 0
Gavin BayreutherD0001011013:530:0000:0000% 0
Jake ChristiansenD0221000019:594:2202:3900% 0
Jimmy LodgeC/RW0000000011:460:0000:0000% 0
Jonathan ToewsC1011012023:165:0304:12065% 37
Lias AnderssonC0000022011:460:0000:00075% 12
Mike HardmanC/LW/RW2132062017:394:5000:1500% 1
Nico SturmC/LW11220010019:094:5051:45066% 32
Nikita NesterenkoC/LW/RW1232012017:244:5010:00050% 2
Radko GudasD0001244318:554:2211:3600% 0
Ryan GravesD0001039026:085:3133:1800% 0
Saku MaenalanenC/LW/RW01112110020:125:0341:09050% 2
Scott MayfieldD0111221014:510:0000:5900% 0
Scott ReedyC000001105:490:0000:00027% 11
Steven LorentzC/LW0001016023:165:0344:120100% 1



Play-by-Play

1st period


0:01 of 1st period - Jonathan Toews wins face-off versus Connor Bunnaman in neutral zone.
0:14 of 1st period - Shot by Saku Maenalanen.
0:14 of 1st period - Shot Misses the Net.
0:16 of 1st period - Shot by Steven Lorentz.
0:16 of 1st period - Shot Blocked by Mike Callahan.
0:18 of 1st period - Shot by Ryan Graves.
0:18 of 1st period - Stopped by Kyle Keyser without a rebound.
0:19 of 1st period - Nico Sturm wins face-off versus Matt Filipe in Condors zone.
0:38 of 1st period - Nico Sturm is hit by Marc McNulty and loses puck.
0:51 of 1st period - Shot by Nico Sturm.
0:51 of 1st period - Stopped by Kyle Keyser with a rebound.
2:35 of 1st period - Shot by Anthony Camara.
2:35 of 1st period - Stopped by Anton Forsberg without a rebound.
2:36 of 1st period - Jonathan Toews wins face-off versus Matteo Gennaro in Palm Springs Eager zone.
2:43 of 1st period - Shot by Jonathan Toews.
2:43 of 1st period - Deflect By Saku Maenalanen.
2:43 of 1st period - Stopped by Kyle Keyser without a rebound.
2:44 of 1st period - Jonathan Toews wins face-off versus Marcus Davidsson in Condors zone.
2:47 of 1st period - Shot by Steven Lorentz.
2:47 of 1st period - Deflect By Jonathan Toews.
2:47 of 1st period - Shot Misses the Net.
3:03 of 1st period - Shot by Jonathan Toews.
3:03 of 1st period - Deflect By Steven Lorentz.
3:03 of 1st period - Shot Misses the Net.
3:24 of 1st period - Minor Penalty to Connor Bunnaman for Holding.
3:25 of 1st period - Nico Sturm wins face-off versus Joachim Blichfeld in Condors zone.
3:26 of 1st period - Shot by Mike Hardman.
3:26 of 1st period - Deflect By Nico Sturm.
3:26 of 1st period - Stopped by Kyle Keyser without a rebound.
3:27 of 1st period - Joachim Blichfeld wins face-off versus Nico Sturm in Condors zone.
3:34 of 1st period - Shot by Joachim Blichfeld.
3:34 of 1st period - Stopped by Anton Forsberg without a rebound.
3:35 of 1st period - Nico Sturm wins face-off versus Joachim Blichfeld in Palm Springs Eager zone.
3:53 of 1st period - Icing by Nikita Nesterenko.
3:54 of 1st period - Nico Sturm wins face-off versus Joachim Blichfeld in Palm Springs Eager zone.
4:01 of 1st period - Shot by Nico Sturm.
4:01 of 1st period - Stopped by Kyle Keyser without a rebound.
4:02 of 1st period - Jonathan Toews wins face-off versus Joachim Blichfeld in Condors zone.
5:03 of 1st period - Shot by Nico Sturm.
5:03 of 1st period - Shot Misses the Net.
5:05 of 1st period - Shot by Radko Gudas.
5:05 of 1st period - Shot Misses the Net.
5:15 of 1st period - Shot by Nikita Nesterenko.
5:15 of 1st period - Deflect By Nico Sturm.
5:15 of 1st period - Goal by Nico Sturm - Condors : 0 - Palm Springs Eager : 1.
5:16 of 1st period - Matteo Gennaro wins face-off versus Scott Reedy in neutral zone.
5:16 of 1st period - Matteo Gennaro is hit by Scott Reedy.
5:32 of 1st period - Shot by Nick Sorensen.
5:32 of 1st period - Shot Misses the Net.
5:45 of 1st period - Marcus Davidsson is hit by Scott Mayfield and loses puck.
5:50 of 1st period - Shot by Matteo Gennaro.
5:50 of 1st period - Stopped by Anton Forsberg without a rebound.
5:51 of 1st period - Nico Sturm wins face-off versus Connor Bunnaman in Palm Springs Eager zone.
5:53 of 1st period - Icing by Ryan Graves.
5:54 of 1st period - Connor Bunnaman wins face-off versus Nico Sturm in Palm Springs Eager zone.
5:55 of 1st period - Shot by Joachim Blichfeld.
5:55 of 1st period - Shot Misses the Net.
6:51 of 1st period - Off-side.
6:52 of 1st period - Matt Filipe wins face-off versus Lias Andersson in neutral zone.
7:03 of 1st period - Shot by Lias Andersson.
7:03 of 1st period - Stopped by Kyle Keyser with a rebound.
7:05 of 1st period - Shot by Radko Gudas.
7:05 of 1st period - Stopped by Kyle Keyser with a rebound.
7:49 of 1st period - Marcus Vela is hit by Saku Maenalanen and loses puck.
8:32 of 1st period - Shot by Matteo Gennaro.
8:32 of 1st period - Stopped by Anton Forsberg without a rebound.
8:33 of 1st period - Nico Sturm wins face-off versus Connor Bunnaman in Palm Springs Eager zone.
8:39 of 1st period - Anthony Camara is hit by Mike Hardman and loses puck.
9:03 of 1st period - Off-side.
9:04 of 1st period - Matteo Gennaro wins face-off versus Scott Reedy in neutral zone.
9:14 of 1st period - Dmitry Ovchinnikov is hit by Marc McNulty and loses puck.
9:23 of 1st period - Radko Gudas is hit by Matteo Gennaro and loses puck.
9:32 of 1st period - Shot by Marcus Davidsson.
9:32 of 1st period - Stopped by Anton Forsberg without a rebound.
9:33 of 1st period - Lias Andersson wins face-off versus Brady Brassart in Palm Springs Eager zone.
9:33 of 1st period - Lias Andersson is hit by Brady Brassart .
9:38 of 1st period - Ryan Graves is hit by Tate Olson and loses puck.
9:46 of 1st period - Off-side.
9:47 of 1st period - Connor Bunnaman wins face-off versus Jonathan Toews in neutral zone.
10:09 of 1st period - Minor Penalty to Anthony Camara for Cross-checking.
10:10 of 1st period - Nico Sturm wins face-off versus Joachim Blichfeld in Condors zone.
10:11 of 1st period - Shot by Mike Hardman.
10:11 of 1st period - Shot Blocked by Marc McNulty.
10:15 of 1st period - Shot by Nikita Nesterenko.
10:15 of 1st period - Goal by Nikita Nesterenko - Condors : 0 - Palm Springs Eager : 2.
10:16 of 1st period - Nico Sturm wins face-off versus Brett Pollock in neutral zone.
10:16 of 1st period - Jake Christiansen is hit by Matt Filipe and loses puck.
10:23 of 1st period - Shot by Mike Hardman.
10:23 of 1st period - Goal by Mike Hardman - Condors : 0 - Palm Springs Eager : 3.
10:24 of 1st period - Connor Bunnaman wins face-off versus Jonathan Toews in neutral zone.
10:33 of 1st period - Shot by Jonathan Toews.
10:33 of 1st period - Stopped by Kyle Keyser without a rebound.
10:34 of 1st period - Nico Sturm wins face-off versus Matt Filipe in Condors zone.
10:36 of 1st period - Minor Penalty to Marc McNulty for Hooking.
10:37 of 1st period - Connor Bunnaman wins face-off versus Jonathan Toews in Condors zone.
10:50 of 1st period - Shot by Saku Maenalanen.
10:50 of 1st period - Stopped by Kyle Keyser without a rebound.
10:51 of 1st period - Nico Sturm wins face-off versus Joachim Blichfeld in Condors zone.
11:04 of 1st period - Shot by Colin Miller.
11:04 of 1st period - Stopped by Kyle Keyser without a rebound.
11:05 of 1st period - Jonathan Toews wins face-off versus Joachim Blichfeld in Condors zone.
11:18 of 1st period - Shot by Steven Lorentz.
11:18 of 1st period - Stopped by Kyle Keyser without a rebound.
11:19 of 1st period - Nico Sturm wins face-off versus Matt Filipe in Condors zone.
11:34 of 1st period - Shot by Nico Sturm.
11:34 of 1st period - Stopped by Kyle Keyser without a rebound.
11:35 of 1st period - Saku Maenalanen wins face-off versus Joachim Blichfeld in Condors zone.
12:01 of 1st period - Shot by Jonathan Toews.
12:01 of 1st period - Deflect By Saku Maenalanen.
12:01 of 1st period - Stopped by Kyle Keyser without a rebound.
12:02 of 1st period - Nico Sturm wins face-off versus Joachim Blichfeld in Condors zone.
12:13 of 1st period - Shot by Nico Sturm.
12:13 of 1st period - Shot Misses the Net.
12:15 of 1st period - Shot by Ryan Graves.
12:15 of 1st period - Shot Misses the Net.
12:17 of 1st period - Shot by Colin Miller.
12:17 of 1st period - Stopped by Kyle Keyser without a rebound.
12:18 of 1st period - Matt Filipe wins face-off versus Jonathan Toews in Condors zone.
12:18 of 1st period - Matt Filipe is hit by Steven Lorentz.
12:46 of 1st period - Marcus Davidsson is hit by Alexander Campbell and loses puck.
13:31 of 1st period - Mike Callahan is hit by Mike Hardman and loses puck.
13:52 of 1st period - Shot by Nico Sturm.
13:52 of 1st period - Stopped by Kyle Keyser with a rebound.
13:54 of 1st period - Shot by Ryan Graves.
13:54 of 1st period - Stopped by Kyle Keyser without a rebound.
13:55 of 1st period - Jonathan Toews wins face-off versus Matt Filipe in Condors zone.
14:19 of 1st period - Off-side.
14:20 of 1st period - Connor Bunnaman wins face-off versus Scott Reedy in neutral zone.
14:23 of 1st period - Shot by Anthony Camara.
14:23 of 1st period - Stopped by Anton Forsberg without a rebound.
14:24 of 1st period - Scott Reedy wins face-off versus Connor Bunnaman in Palm Springs Eager zone.
14:24 of 1st period - Scott Reedy is hit by Anthony Camara.
14:36 of 1st period - Shot by Joachim Blichfeld.
14:36 of 1st period - Shot Misses the Net.
14:54 of 1st period - Shot by Joachim Blichfeld.
14:54 of 1st period - Stopped by Anton Forsberg without a rebound.
14:55 of 1st period - Matt Filipe wins face-off versus Jonathan Toews in Palm Springs Eager zone.
15:08 of 1st period - Shot by Steven Lorentz.
15:08 of 1st period - Stopped by Kyle Keyser without a rebound.
15:09 of 1st period - Marcus Vela wins face-off versus Mike Hardman in Condors zone.
15:09 of 1st period - Marcus Vela is hit by Nikita Nesterenko.
15:24 of 1st period - Shot by Taylor Cammarata.
15:24 of 1st period - Stopped by Anton Forsberg without a rebound.
15:25 of 1st period - Connor Bunnaman wins face-off versus Jonathan Toews in Palm Springs Eager zone.
15:26 of 1st period - Shot by Anthony Camara.
15:26 of 1st period - Stopped by Anton Forsberg with a rebound.
15:50 of 1st period - Shot by Anthony Camara.
15:50 of 1st period - Shot Misses the Net.
16:02 of 1st period - Shot by Joachim Blichfeld.
16:02 of 1st period - Shot Misses the Net.
16:04 of 1st period - Shot by Michael Brodzinski.
16:04 of 1st period - Stopped by Anton Forsberg without a rebound.
16:05 of 1st period - Matt Filipe wins face-off versus Nico Sturm in Palm Springs Eager zone.
16:05 of 1st period - Matt Filipe is hit by Radko Gudas.
16:13 of 1st period - Shot by Brady Brassart .
16:13 of 1st period - Stopped by Anton Forsberg with a rebound.
16:16 of 1st period - Brady Brassart is hit by Radko Gudas and loses puck.
16:29 of 1st period - Shot by Matt Filipe.
16:29 of 1st period - Shot Blocked by Radko Gudas.
17:18 of 1st period - Shot by Pascal Laberge.
17:18 of 1st period - Stopped by Anton Forsberg with a rebound.
17:20 of 1st period - Shot by Tate Olson.
17:20 of 1st period - Stopped by Anton Forsberg without a rebound.
17:21 of 1st period - Jonathan Toews wins face-off versus Connor Bunnaman in Palm Springs Eager zone.
17:21 of 1st period - Jonathan Toews is hit by Connor Bunnaman.
17:29 of 1st period - Shot by Saku Maenalanen.
17:29 of 1st period - Stopped by Kyle Keyser with a rebound.
18:32 of 1st period - Shot by Brett Pollock.
18:32 of 1st period - Shot Misses the Net.
18:43 of 1st period - Shot by Brady Brassart .
18:43 of 1st period - Shot Misses the Net.
18:45 of 1st period - Shot by Matt Filipe.
18:45 of 1st period - Stopped by Anton Forsberg without a rebound.
18:46 of 1st period - Scott Reedy wins face-off versus Marcus Vela in Palm Springs Eager zone.
19:13 of 1st period - Shot by Pascal Laberge.
19:13 of 1st period - Shot Misses the Net.
19:15 of 1st period - Shot by Marcus Vela.
19:15 of 1st period - Stopped by Anton Forsberg with a rebound.
19:17 of 1st period - Shot by Marcus Vela.
19:17 of 1st period - Shot Misses the Net.
19:18 of 1st period - Minor Penalty to Scott Mayfield for Hooking.
19:19 of 1st period - Matt Filipe wins face-off versus Jonathan Toews in Palm Springs Eager zone.
19:20 of 1st period - Shot by Seth Barton.
19:20 of 1st period - Stopped by Anton Forsberg without a rebound.
19:21 of 1st period - Jonathan Toews wins face-off versus Connor Bunnaman in Palm Springs Eager zone.
19:49 of 1st period - Off-side.
19:50 of 1st period - Jonathan Toews wins face-off versus Matt Filipe in neutral zone.
19:53 of 1st period - Shot by Colin Miller.
19:53 of 1st period - Shot Misses the Net.
Goals for this period are 0 for Condors vs 3 for Palm Springs Eager.
Shots for this period are 16 for Condors vs 21 for Palm Springs Eager.

2nd period


0:01 of 2nd period - Jonathan Toews wins face-off versus Connor Bunnaman in neutral zone.
1:16 of 2nd period - Shot by Matt Filipe.
1:16 of 2nd period - Stopped by Anton Forsberg without a rebound.
1:17 of 2nd period - Steven Lorentz wins face-off versus Matt Filipe in Palm Springs Eager zone.
1:17 of 2nd period - Minor Penalty to Matt Filipe for Holding.
1:18 of 2nd period - Pascal Laberge wins face-off versus Nico Sturm in Condors zone.
1:33 of 2nd period - Shot by Nico Sturm.
1:33 of 2nd period - Deflect By Mike Hardman.
1:33 of 2nd period - Shot Misses the Net.
1:35 of 2nd period - Shot by Mike Hardman.
1:35 of 2nd period - Shot Misses the Net.
1:37 of 2nd period - Shot by Ryan Graves.
1:37 of 2nd period - Stopped by Kyle Keyser without a rebound.
1:38 of 2nd period - Joachim Blichfeld wins face-off versus Saku Maenalanen in Condors zone.
1:57 of 2nd period - Shot by Jonathan Toews.
1:57 of 2nd period - Shot Blocked by Marcus Vela.
1:59 of 2nd period - Shot by Steven Lorentz.
1:59 of 2nd period - Shot Misses the Net.
2:01 of 2nd period - Shot by Steven Lorentz.
2:01 of 2nd period - Deflect By Jonathan Toews.
2:01 of 2nd period - Shot Hit the Post.
2:03 of 2nd period - Shot by Radko Gudas.
2:03 of 2nd period - Stopped by Kyle Keyser without a rebound.
2:04 of 2nd period - Nico Sturm wins face-off versus Joachim Blichfeld in Condors zone.
2:29 of 2nd period - Shot by Ryan Graves.
2:29 of 2nd period - Stopped by Kyle Keyser without a rebound.
2:30 of 2nd period - Pascal Laberge wins face-off versus Jonathan Toews in Condors zone.
2:39 of 2nd period - Shot by Saku Maenalanen.
2:39 of 2nd period - Shot Misses the Net.
2:41 of 2nd period - Shot by Jonathan Toews.
2:41 of 2nd period - Shot Blocked by Mike Callahan.
2:55 of 2nd period - Shot by Steven Lorentz.
2:55 of 2nd period - Deflect By Jonathan Toews.
2:55 of 2nd period - Shot Misses the Net.
2:57 of 2nd period - Shot by Saku Maenalanen.
2:57 of 2nd period - Stopped by Kyle Keyser with a rebound.
3:07 of 2nd period - Shot by Saku Maenalanen.
3:07 of 2nd period - Stopped by Kyle Keyser without a rebound.
3:08 of 2nd period - Nico Sturm wins face-off versus Pascal Laberge in Condors zone.
3:27 of 2nd period - Shot by Linus Nassen.
3:27 of 2nd period - Shot Misses the Net.
3:32 of 2nd period - Gavin Bayreuther is hit by Brett Pollock and loses puck.
3:36 of 2nd period - Minor Penalty to Matt Filipe for Hooking.
3:37 of 2nd period - Nikita Nesterenko wins face-off versus Joachim Blichfeld in Condors zone.
3:38 of 2nd period - Shot by Mike Hardman.
3:38 of 2nd period - Shot Misses the Net.
3:40 of 2nd period - Shot by Nico Sturm.
3:40 of 2nd period - Shot Misses the Net.
3:42 of 2nd period - Shot by Ryan Graves.
3:42 of 2nd period - Stopped by Kyle Keyser without a rebound.
3:43 of 2nd period - Jonathan Toews wins face-off versus Joachim Blichfeld in Condors zone.
3:44 of 2nd period - Shot by Steven Lorentz.
3:44 of 2nd period - Stopped by Kyle Keyser with a rebound.
4:10 of 2nd period - Shot by Saku Maenalanen.
4:10 of 2nd period - Shot Misses the Net.
4:45 of 2nd period - Shot by Jake Christiansen.
4:45 of 2nd period - Deflect By Mike Hardman.
4:45 of 2nd period - Shot Misses the Net.
4:47 of 2nd period - Shot by Nico Sturm.
4:47 of 2nd period - Shot Misses the Net.
4:49 of 2nd period - Shot by Radko Gudas.
4:49 of 2nd period - Shot Hit the Post.
5:09 of 2nd period - Shot by Nico Sturm.
5:09 of 2nd period - Stopped by Kyle Keyser without a rebound.
5:10 of 2nd period - Nico Sturm wins face-off versus Joachim Blichfeld in Condors zone.
5:43 of 2nd period - Matt Filipe is hit by Lias Andersson and loses puck.
6:05 of 2nd period - Shot by Matt Filipe.
6:05 of 2nd period - Stopped by Anton Forsberg with a rebound.
6:57 of 2nd period - Icing by Scott Mayfield.
6:58 of 2nd period - Lias Andersson wins face-off versus Taylor Cammarata in Palm Springs Eager zone.
7:15 of 2nd period - Shot by Saku Maenalanen.
7:15 of 2nd period - Shot Blocked by Tate Olson.
7:17 of 2nd period - Shot by Ryan Graves.
7:17 of 2nd period - Stopped by Kyle Keyser with a rebound.
7:19 of 2nd period - Shot by Ryan Graves.
7:19 of 2nd period - Stopped by Kyle Keyser with a rebound.
7:41 of 2nd period - Shot by Saku Maenalanen.
7:41 of 2nd period - Deflect By Jonathan Toews.
7:41 of 2nd period - Goal by Jonathan Toews - Condors : 0 - Palm Springs Eager : 4.
7:42 of 2nd period - Connor Bunnaman wins face-off versus Nico Sturm in neutral zone.
8:03 of 2nd period - Icing by Radko Gudas.
8:04 of 2nd period - Matt Filipe wins face-off versus Nikita Nesterenko in Palm Springs Eager zone.
8:07 of 2nd period - Shot by Brett Pollock.
8:07 of 2nd period - Stopped by Anton Forsberg without a rebound.
8:08 of 2nd period - Matt Filipe wins face-off versus Jonathan Toews in Palm Springs Eager zone.
8:22 of 2nd period - Brady Brassart is hit by Ryan Graves and loses puck.
8:30 of 2nd period - Matt Filipe is hit by Colin Miller and loses puck.
8:56 of 2nd period - Anthony Camara is hit by Colin Miller and loses puck.
9:15 of 2nd period - Mike Callahan is hit by Jonathan Toews and loses puck.
9:28 of 2nd period - Shot by Nico Sturm.
9:28 of 2nd period - Shot Misses the Net.
9:30 of 2nd period - Shot by Jake Christiansen.
9:30 of 2nd period - Shot Misses the Net.
9:32 of 2nd period - Shot by Radko Gudas.
9:32 of 2nd period - Stopped by Kyle Keyser without a rebound.
9:33 of 2nd period - Marcus Vela wins face-off versus Scott Reedy in Condors zone.
9:44 of 2nd period - Shot by Alexander Gordin.
9:44 of 2nd period - Shot Blocked by Marcus Vela.
9:57 of 2nd period - Icing by Scott Mayfield.
9:58 of 2nd period - Matt Filipe wins face-off versus Scott Reedy in Palm Springs Eager zone.
10:04 of 2nd period - Scott Reedy is hit by Matt Filipe and loses puck.
10:28 of 2nd period - Icing by Gavin Bayreuther.
10:29 of 2nd period - Connor Bunnaman wins face-off versus Scott Reedy in Palm Springs Eager zone.
11:00 of 2nd period - Shot by Nikita Nesterenko.
11:00 of 2nd period - Shot Misses the Net.
11:02 of 2nd period - Shot by Nico Sturm.
11:02 of 2nd period - Shot Misses the Net.
11:30 of 2nd period - Shot by Taylor Cammarata.
11:30 of 2nd period - Stopped by Anton Forsberg without a rebound.
11:31 of 2nd period - Matt Filipe wins face-off versus Jonathan Toews in Palm Springs Eager zone.
11:32 of 2nd period - Shot by Brady Brassart .
11:32 of 2nd period - Stopped by Anton Forsberg without a rebound.
11:33 of 2nd period - Jonathan Toews wins face-off versus Matt Filipe in Palm Springs Eager zone.
11:41 of 2nd period - Steven Lorentz is hit by Marc McNulty and loses puck.
11:46 of 2nd period - Shot by Saku Maenalanen.
11:46 of 2nd period - Stopped by Kyle Keyser without a rebound.
11:47 of 2nd period - Lias Andersson wins face-off versus Marcus Vela in Condors zone.
12:14 of 2nd period - Shot by Lias Andersson.
12:14 of 2nd period - Deflect By Alexander Campbell.
12:14 of 2nd period - Shot Misses the Net.
13:04 of 2nd period - Jonathan Toews is hit by Linus Nassen and loses puck.
13:13 of 2nd period - Shot by Jonathan Toews.
13:13 of 2nd period - Shot Blocked by Linus Nassen.
13:15 of 2nd period - Shot by Saku Maenalanen.
13:15 of 2nd period - Stopped by Kyle Keyser without a rebound.
13:16 of 2nd period - Joachim Blichfeld wins face-off versus Nico Sturm in Condors zone.
13:16 of 2nd period - Joachim Blichfeld is hit by Mike Hardman.
13:31 of 2nd period - Shot by Mike Hardman.
13:31 of 2nd period - Goal by Mike Hardman - Condors : 0 - Palm Springs Eager : 5.
13:32 of 2nd period - Matt Filipe wins face-off versus Scott Reedy in neutral zone.
13:50 of 2nd period - Icing by Marc McNulty.
13:51 of 2nd period - Matt Filipe wins face-off versus Nico Sturm in Condors zone.
13:51 of 2nd period - Matt Filipe is hit by Mike Hardman.
13:57 of 2nd period - Jake Christiansen is hit by Matt Filipe and loses puck.
14:02 of 2nd period - Shot by Matt Filipe.
14:02 of 2nd period - Shot Misses the Net.
14:04 of 2nd period - Shot by Michael Brodzinski.
14:04 of 2nd period - Shot Misses the Net.
14:11 of 2nd period - Minor Penalty to Radko Gudas for Holding.
14:12 of 2nd period - Jonathan Toews wins face-off versus Connor Bunnaman in Palm Springs Eager zone.
14:47 of 2nd period - Ryan Graves is hit by Anthony Camara and loses puck.
15:57 of 2nd period - Shot by Matt Filipe.
15:57 of 2nd period - Stopped by Anton Forsberg without a rebound.
15:58 of 2nd period - Jonathan Toews wins face-off versus Matt Filipe in Palm Springs Eager zone.
16:21 of 2nd period - Linus Nassen is hit by Lias Andersson and loses puck.
16:34 of 2nd period - Shot by Scott Mayfield.
16:34 of 2nd period - Stopped by Kyle Keyser with a rebound.
16:59 of 2nd period - Alexander Gordin is hit by Linus Nassen and loses puck.
17:17 of 2nd period - Ryan Graves is hit by Tate Olson and loses puck.
17:21 of 2nd period - Scott Reedy is hit by Tate Olson and loses puck.
17:46 of 2nd period - Icing by Tate Olson.
17:47 of 2nd period - Jonathan Toews wins face-off versus Marcus Vela in Condors zone.
18:26 of 2nd period - Shot by Steven Lorentz.
18:26 of 2nd period - Shot Misses the Net.
18:35 of 2nd period - Mike Callahan is hit by Mike Hardman and loses puck.
18:41 of 2nd period - Nikita Nesterenko is hit by Mike Callahan.
18:48 of 2nd period - Anthony Camara is hit by Scott Mayfield and loses puck.
19:08 of 2nd period - Nikita Nesterenko is hit by Seth Barton and loses puck.
19:59 of 2nd period - Shot by Scott Reedy.
19:59 of 2nd period - Stopped by Kyle Keyser without a rebound.
Goals for this period are 0 for Condors vs 2 for Palm Springs Eager.
Shots for this period are 6 for Condors vs 17 for Palm Springs Eager.

3rd period


0:01 of 3rd period - Jonathan Toews wins face-off versus Connor Bunnaman in neutral zone.
0:01 of 3rd period - Saku Maenalanen is hit by Anthony Camara and loses puck.
1:10 of 3rd period - Nico Sturm is hit by Brady Brassart and loses puck.
1:24 of 3rd period - Icing by Michael Brodzinski.
1:25 of 3rd period - Matt Filipe wins face-off versus Lias Andersson in Condors zone.
1:39 of 3rd period - Minor Penalty to Marcus Vela for Hooking.
1:40 of 3rd period - Nico Sturm wins face-off versus Joachim Blichfeld in Condors zone.
1:40 of 3rd period - Jake Christiansen is hit by Seth Barton and loses puck.
2:04 of 3rd period - Icing by Nikita Nesterenko.
2:05 of 3rd period - Nico Sturm wins face-off versus Joachim Blichfeld in Palm Springs Eager zone.
2:16 of 3rd period - Marc McNulty is hit by Mike Hardman and loses puck.
3:00 of 3rd period - Shot by Steven Lorentz.
3:00 of 3rd period - Stopped by Kyle Keyser without a rebound.
3:01 of 3rd period - Jonathan Toews wins face-off versus Joachim Blichfeld in Condors zone.
3:10 of 3rd period - Shot by Steven Lorentz.
3:10 of 3rd period - Stopped by Kyle Keyser with a rebound.
3:48 of 3rd period - Icing by Matteo Gennaro.
3:49 of 3rd period - Scott Reedy wins face-off versus Nick Sorensen in Condors zone.
3:49 of 3rd period - Scott Reedy is hit by Tate Olson.
4:10 of 3rd period - Shot by Nick Sorensen.
4:10 of 3rd period - Stopped by Anton Forsberg without a rebound.
4:11 of 3rd period - Nico Sturm wins face-off versus Matt Filipe in Palm Springs Eager zone.
4:11 of 3rd period - Nico Sturm is hit by Brady Brassart .
4:16 of 3rd period - Gavin Bayreuther is hit by Brady Brassart and loses puck.
4:27 of 3rd period - Shot by Brett Pollock.
4:27 of 3rd period - Shot Misses the Net.
4:29 of 3rd period - Shot by Mike Callahan.
4:29 of 3rd period - Shot Misses the Net.
4:31 of 3rd period - Shot by Brett Pollock.
4:31 of 3rd period - Stopped by Anton Forsberg with a rebound.
4:33 of 3rd period - Shot by Mike Callahan.
4:33 of 3rd period - Shot Misses the Net.
4:35 of 3rd period - Shot by Seth Barton.
4:35 of 3rd period - Stopped by Anton Forsberg without a rebound.
4:36 of 3rd period - Lias Andersson wins face-off versus Connor Bunnaman in Palm Springs Eager zone.
4:59 of 3rd period - Shot by Connor Bunnaman.
4:59 of 3rd period - Deflect By Joachim Blichfeld.
4:59 of 3rd period - Shot Blocked by Radko Gudas.
5:24 of 3rd period - Icing by Joachim Blichfeld.
5:25 of 3rd period - Jonathan Toews wins face-off versus Joachim Blichfeld in Condors zone.
5:30 of 3rd period - Shot by Saku Maenalanen.
5:30 of 3rd period - Stopped by Kyle Keyser with a rebound.
5:36 of 3rd period - Shot by Jonathan Toews.
5:36 of 3rd period - Shot Misses the Net.
5:38 of 3rd period - Shot by Ryan Graves.
5:38 of 3rd period - Stopped by Kyle Keyser without a rebound.
5:39 of 3rd period - Nico Sturm wins face-off versus Matt Filipe in Condors zone.
5:49 of 3rd period - Shot by Nikita Nesterenko.
5:49 of 3rd period - Stopped by Kyle Keyser with a rebound.
5:51 of 3rd period - Shot by Nico Sturm.
5:51 of 3rd period - Stopped by Kyle Keyser with a rebound.
5:53 of 3rd period - Shot by Scott Mayfield.
5:53 of 3rd period - Shot Misses the Net.
6:31 of 3rd period - Icing by Jonathan Toews.
6:32 of 3rd period - Jonathan Toews wins face-off versus Marcus Vela in Palm Springs Eager zone.
6:57 of 3rd period - Shot by Pascal Laberge.
6:57 of 3rd period - Shot Misses the Net.
7:03 of 3rd period - Shot by Saku Maenalanen.
7:03 of 3rd period - Stopped by Kyle Keyser without a rebound.
7:04 of 3rd period - Lias Andersson wins face-off versus Joachim Blichfeld in Condors zone.
7:43 of 3rd period - Shot by Alexander Campbell.
7:43 of 3rd period - Shot Misses the Net.
8:18 of 3rd period - Mike Hardman is hit by Marc McNulty and loses puck.
9:05 of 3rd period - Brett Pollock is hit by Gavin Bayreuther and loses puck.
9:25 of 3rd period - Off-side.
9:26 of 3rd period - Lias Andersson wins face-off versus Marcus Vela in neutral zone.
9:29 of 3rd period - Shot by Radko Gudas.
9:29 of 3rd period - Stopped by Kyle Keyser with a rebound.
9:31 of 3rd period - Shot by Lias Andersson.
9:31 of 3rd period - Deflect By Alexander Campbell.
9:31 of 3rd period - Stopped by Kyle Keyser without a rebound.
9:32 of 3rd period - Lias Andersson wins face-off versus Marcus Vela in Condors zone.
9:39 of 3rd period - Shot by Lias Andersson.
9:39 of 3rd period - Shot Misses the Net.
9:41 of 3rd period - Shot by Lias Andersson.
9:41 of 3rd period - Stopped by Kyle Keyser with a rebound.
9:48 of 3rd period - Lias Andersson is hit by Tate Olson and loses puck.
10:22 of 3rd period - Tate Olson is hit by Radko Gudas and loses puck.
11:04 of 3rd period - Minor Penalty to Saku Maenalanen for Holding.
11:05 of 3rd period - Jonathan Toews wins face-off versus Matt Filipe in Palm Springs Eager zone.
11:05 of 3rd period - Jonathan Toews is hit by Brady Brassart .
11:38 of 3rd period - Matt Filipe is hit by Colin Miller and loses puck.
11:43 of 3rd period - Shot by Seth Barton.
11:43 of 3rd period - Stopped by Anton Forsberg without a rebound.
11:44 of 3rd period - Connor Bunnaman wins face-off versus Jonathan Toews in Palm Springs Eager zone.
12:17 of 3rd period - Shot by Joachim Blichfeld.
12:17 of 3rd period - Shot Misses the Net.
13:22 of 3rd period - Shot by Gavin Bayreuther.
13:22 of 3rd period - Stopped by Kyle Keyser without a rebound.
13:23 of 3rd period - Connor Bunnaman wins face-off versus Lias Andersson in Condors zone.
13:54 of 3rd period - Shot by Lias Andersson.
13:54 of 3rd period - Shot Misses the Net.
14:05 of 3rd period - Icing by Scott Mayfield.
14:06 of 3rd period - Lias Andersson wins face-off versus Matteo Gennaro in Palm Springs Eager zone.
14:21 of 3rd period - Icing by Marcus Davidsson.
14:22 of 3rd period - Matteo Gennaro wins face-off versus Jonathan Toews in Condors zone.
14:35 of 3rd period - Icing by Colin Miller.
14:36 of 3rd period - Jonathan Toews wins face-off versus Matt Filipe in Palm Springs Eager zone.
14:43 of 3rd period - Shot by Saku Maenalanen.
14:43 of 3rd period - Shot Misses the Net.
14:51 of 3rd period - Shot by Linus Nassen.
14:51 of 3rd period - Shot Misses the Net.
14:53 of 3rd period - Shot by Linus Nassen.
14:53 of 3rd period - Stopped by Anton Forsberg without a rebound.
14:54 of 3rd period - Joachim Blichfeld wins face-off versus Nico Sturm in Palm Springs Eager zone.
14:59 of 3rd period - Shot by Joachim Blichfeld.
14:59 of 3rd period - Stopped by Anton Forsberg without a rebound.
15:00 of 3rd period - Nico Sturm wins face-off versus Connor Bunnaman in Palm Springs Eager zone.
15:07 of 3rd period - Shot by Nico Sturm.
15:07 of 3rd period - Stopped by Kyle Keyser with a rebound.
15:09 of 3rd period - Shot by Ryan Graves.
15:09 of 3rd period - Stopped by Kyle Keyser without a rebound.
15:10 of 3rd period - Jonathan Toews wins face-off versus Matt Filipe in Condors zone.
15:17 of 3rd period - Shot by Jonathan Toews.
15:17 of 3rd period - Shot Misses the Net.
15:29 of 3rd period - Shot by Matt Filipe.
15:29 of 3rd period - Stopped by Anton Forsberg with a rebound.
15:31 of 3rd period - Shot by Brett Pollock.
15:31 of 3rd period - Shot Misses the Net.
15:33 of 3rd period - Shot by Seth Barton.
15:33 of 3rd period - Shot Blocked by Colin Miller.
15:39 of 3rd period - Brady Brassart is hit by Ryan Graves and loses puck.
15:42 of 3rd period - Shot by Matt Filipe.
15:42 of 3rd period - Shot Misses the Net.
16:14 of 3rd period - Shot by Nikita Nesterenko.
16:14 of 3rd period - Deflect By Nico Sturm.
16:14 of 3rd period - Stopped by Kyle Keyser without a rebound.
16:15 of 3rd period - Lias Andersson wins face-off versus Marcus Vela in Condors zone.
16:20 of 3rd period - Shot by Alexander Campbell.
16:20 of 3rd period - Stopped by Kyle Keyser with a rebound.
17:01 of 3rd period - Icing by Tate Olson.
17:02 of 3rd period - Nico Sturm wins face-off versus Marcus Vela in Condors zone.
17:22 of 3rd period - Off-side.
17:23 of 3rd period - Jonathan Toews wins face-off versus Matt Filipe in neutral zone.
17:35 of 3rd period - Brett Pollock is hit by Radko Gudas and loses puck.
17:42 of 3rd period - Shot by Matt Filipe.
17:42 of 3rd period - Stopped by Anton Forsberg without a rebound.
17:43 of 3rd period - Connor Bunnaman wins face-off versus Nico Sturm in Palm Springs Eager zone.
18:07 of 3rd period - Joachim Blichfeld is hit by Ryan Graves and loses puck.
18:10 of 3rd period - Shot by Anthony Camara.
18:10 of 3rd period - Stopped by Anton Forsberg without a rebound.
18:11 of 3rd period - Matt Filipe wins face-off versus Jonathan Toews in Palm Springs Eager zone.
18:12 of 3rd period - Shot by Brady Brassart .
18:12 of 3rd period - Shot Misses the Net.
18:14 of 3rd period - Shot by Matt Filipe.
18:14 of 3rd period - Shot Blocked by Radko Gudas.
18:16 of 3rd period - Shot by Matt Filipe.
18:16 of 3rd period - Stopped by Anton Forsberg without a rebound.
18:17 of 3rd period - Jonathan Toews wins face-off versus Matt Filipe in Palm Springs Eager zone.
18:50 of 3rd period - Shot by Steven Lorentz.
18:50 of 3rd period - Stopped by Kyle Keyser with a rebound.
19:11 of 3rd period - Off-side.
19:12 of 3rd period - Connor Bunnaman wins face-off versus Nico Sturm in neutral zone.
19:25 of 3rd period - Shot by Joachim Blichfeld.
19:25 of 3rd period - Deflect By Connor Bunnaman.
19:25 of 3rd period - Stopped by Anton Forsberg without a rebound.
19:26 of 3rd period - Marcus Vela wins face-off versus Scott Reedy in Palm Springs Eager zone.
19:46 of 3rd period - Icing by Linus Nassen.
19:47 of 3rd period - Marcus Vela wins face-off versus Nico Sturm in Condors zone.
19:58 of 3rd period - Shot by Colin Miller.
19:58 of 3rd period - Shot Blocked by Linus Nassen.
Goals for this period are 0 for Condors vs 0 for Palm Springs Eager.
Shots for this period are 11 for Condors vs 16 for Palm Springs Eager.